Rage, lawful female human Samurai ---- ---- --- |..-- -.. ----- --..| --.-- ------..| ..... |...-------...| ---...| --.|.--..| ...... --.............| |.....| |<....%--- ...%...- |....----....--- |.....| |.......-- -.......- ---.--- |...-- --.|.--- |-....)..| |.%......- |...| |.*.| |*..|.| |.......-- |@B.......----.--- ---.| |.--|.| |.......| ---. ......|...| |.| |.| |.| --......| ........%-- |.| |.| -.| ---.--...| .....%...--- |.| |.| ..-- |...||--.| ......%...---- |.| |.| ....--.---|...| ...*......| |.| --.| --....|..|*--- .......-- |.|--..| |...--....| -.|...| --.||...| --..|...--- --.-- |..--.--- |..|-.-- --- |.....| ------- ------ Rage the Ronin Experience level: 4 Strength: 16 Dexterity: 14 Constitution: 18 Intelligence: 10 Wisdom: 11 Charisma: 6 Health: 0(39) Energy: 20(20) Def: 6 Gold: 271 Moves: 1336 Dungeon seed: 7YS-yJkRf_LyLtXo Game ID: Rage_1547321181 Your Inventory: Coins $ - 271 gold pieces Weapons a - a +0 katana (weapon in hand) b - a +0 wakizashi (alternate weapon; not wielded) c - a +0 yumi d - 38 +0 ya (in quiver) Armor e - an uncursed rustproof +0 splint mail (being worn) Comestibles l - an uncursed pancake Scrolls k - a blessed scroll of enchant weapon Potions o - a blessed potion of monster detection Wands j - a wand of striking (0:6) t - a wand of light (0:13) Tools r - 6 uncursed partly used tallow candles (lit) (0:96) Gems n - an uncursed fluorite stone Spells and supernatural/magical abilities: Name Level Category Fail Memory O - create monster 2 clerical 100% 94% W - pray for help -- divine ? -- Your skills at the end: Fighting Skills martial arts [Basic] Weapon Skills short sword [Basic] long sword [Basic] bow [Basic] Spellcasting Skills Final Attributes: You were piously aligned. You were fast. You are dead. Vanquished creatures: 3 gnome lords a kitten a dwarf a kobold lord a wererat a hobbit a large kobold a red mold 5 gnomes a gnome zombie 3 jackals a goblin 3 grid bugs 2 bats 3 lichens 2 kobold zombies 6 newts 36 creatures vanquished. Voluntary challenges: You were an atheist. You used a wielded weapon 32 times, starting on turn 35. You read items or engraved 4 times, starting on turn 114. You never genocided any monsters. You never polymorphed an object. You never changed form. You used no wishes. You never split a pudding. You never wrote Elbereth's name. You never violated your personal moral code. Dungeon overview: The Dungeons of Doom: levels 1 to 3 Level 1 some fountains a long staircase Level 2 a scroll shop, a fountain Level 3 stairs to The Gnomish Mines The Gnomish Mines: Level 4 <- You were here stairs to The Dungeons of Doom History has recorded: On T:1 you entered the Dungeons of Doom to retrieve the Amulet of Yendor! On T:100 you reached level 2 of The Dungeons of Doom. On T:623 you advanced to experience level 2. On T:705 you reached level 3 of The Dungeons of Doom. On T:1033 you advanced to experience level 3. On T:1071 you reached level 1 of The Gnomish Mines. On T:1242 you advanced to experience level 4. Score breakdown: Gold: 271 ( 8281 points) Experience: 4 levels ( 9649 points) Exploration: 4 levels ( 7.55%) ( 7205 points) Discoveries: 3 items ( 1.22%) ( 3312 points) Valuables value: (no points given unless you survive) Artifact value: 0 ( 0 points) Variety of kills: 17 monsters ( 4.46%) ( 6336 points) Turncount: 1336 turns ( 0 points) Survival: died (score multiplied by 80%) Total score: 27826 Latest messages: You hit the gnome lord! You miss the gnome lord. You hear a chugging sound. You miss the gnome lord. The gnome lord hits! You miss the gnome lord. (2x) The gnome lord hits! You miss the gnome lord. You kill the gnome lord! You see here a gnome lord corpse. The newt bites! You kill the newt! The gnome lord hits! (2x) You hit the gnome lord! You kill the gnome lord! There are a few objects here. There are several objects here. Click! You trigger a rolling boulder trap! You are hit by a boulder. The giant bat bites! (6x) You die... Final status: Sayonara Rage the Samurai, killed by a giant bat... You died in The Gnomish Mines on dungeon level 4 with 27826 points, and 271 pieces of gold, after 1336 moves. You were level 4 with a maximum of 39 hit points when you died.